SNL (28 & UNDER)
NEW HAMPSHIRE FISHER CATS @ KEY WEST BARRACUDAS
08/22/2024
 
TOP OF THE 1ST
New Hampshire Fisher Cats batting - Pitching for Key West Barracudas : LHP Luis Rodríguez
Pitching: LHP Luis Rodríguez
Batting: RHB Lorne Barnes 0-0: Swinging Strike
0-1: Ground out 6-3 (Groundball, 6M)
Batting: RHB Billy Campbell 0-0: Foul Ball, location: 2F
0-1: Ball
1-1: Ball
2-1: Foul Ball, location: 2F
2-2: Strikes out looking
Batting: RHB Chris Parker 0-0: Foul Ball, location: 2F
0-1: Ball
1-1: Ball
2-1: Ball
3-1: Base on Balls
Batting: RHB Lu-fang Huie 0-0: Ball
1-0: Ball
2-0: Ball
3-0: Base on Balls
Chris Parker to second
Batting: LHB Cam Flowers 0-0: Called Strike
0-1: Ball
1-1: Foul Ball, location: 2F
1-2: Ball
2-2: Foul Ball, location: 2F
2-2: Fly out, F7 (Flyball, 7M)
Top of the 1st over - 0 run(s), 0 hit(s), 0 error(s), 2 left on base; New Hampshire 0 - Key West 0
BOTTOM OF THE 1ST
Key West Barracudas batting - Pitching for New Hampshire Fisher Cats : RHP Enrique Valdés
Pitching: RHP Enrique Valdés
Batting: RHB Carlos Miranda 0-0: Ball
1-0: Fly out, F5 (Line Drive, 5)
Batting: RHB Zander Tremblett 0-0: Called Strike
0-1: SINGLE (Flyball, 8RS)
Batting: RHB Kenny Cole 0-0: Ball
1-0: Ball
2-0: Ball
3-0: Called Strike
3-1: Base on Balls
Zander Tremblett to second
Batting: LHB Arturo López 0-0: Swinging Strike
0-1: Fly out, F8 (Flyball, 8LD)
Runner from 2nd tags up, SAFE at 3rd, no throw
Batting: RHB Luther Stoffels 0-0: Ball
1-0: Ball
2-0: Ball
3-0: Base on Balls
Kenny Cole to second
Batting: LHB Domingo Ledesma 0-0: Swinging Strike
0-1: Ball
1-1: Foul Ball, location: 2F
1-2: SINGLE (Groundball, 3D)
Zander Tremblett scores
Kenny Cole to third
Luther Stoffels to second
Runner from 3rd tries for Home, SAFE, no throw or cutoff
Batting: RHB Richard Sanders 0-0: Ball
1-0: Fly out, F7 (Flyball, 78M)
Bottom of the 1st over - 2 run(s), 2 hit(s), 0 error(s), 2 left on base; New Hampshire 0 - Key West 2
TOP OF THE 2ND
New Hampshire Fisher Cats batting - Pitching for Key West Barracudas : LHP Luis Rodríguez
Batting: RHB Tim Robertson 0-0: Ground out 5-3 (Groundball, 56)
Batting: LHB Don Ramey 0-0: Ball
1-0: Ball
2-0: Ball
3-0: Called Strike
3-1: Base on Balls
Batting: LHB Gustavo Lozano 0-0: Ball
1-0: Ball
2-0: Ball
3-0: Base on Balls
Don Ramey to second
Batting: RHB Júlio Trinidad 0-0: Ball
1-0: Ball
2-0: Ball
3-0: Called Strike
3-1: Base on Balls
Don Ramey to third
Gustavo Lozano to second
Batting: RHB Lorne Barnes 0-0: Fly out, F8 (Flyball, 8LM)
Runner from 3rd tags up, SCORES, throw made
Batting: RHB Billy Campbell 0-0: Called Strike
0-1: Ball
1-1: Fly out, F8 (Flyball, 8RM)
Top of the 2nd over - 1 run(s), 0 hit(s), 0 error(s), 2 left on base; New Hampshire 1 - Key West 2
BOTTOM OF THE 2ND
Key West Barracudas batting - Pitching for New Hampshire Fisher Cats : RHP Enrique Valdés
Batting: SHB Héctor Jiménez 0-0: DOUBLE (Groundball, 5L)
Batting: LHB Motoki Hirata 0-0: Called Strike
0-1: Swinging Strike
0-2: Ball
1-2: Foul Ball, location: 2F
1-2: Foul Ball, location: 2F
1-2: Strikes out swinging
Batting: RHB Carlos Miranda 0-0: Called Strike
0-1: Called Strike
0-2: Foul Ball, location: 2F
0-2: Ball
1-2: SINGLE (Line Drive, 56)
Héctor Jiménez to third
Runner from 3rd tries for Home, SAFE, throw made home
Carlos Miranda to second
Batting: RHB Zander Tremblett 0-0: Foul Ball, location: 2F
0-1: Swinging Strike
0-2: Foul Ball, location: 2F
0-2: Ball
1-2: Strikes out swinging
Batting: RHB Kenny Cole 0-0: Ball
1-0: Ground out 3-1 (Groundball, 34)
Bottom of the 2nd over - 1 run(s), 2 hit(s), 0 error(s), 1 left on base; New Hampshire 1 - Key West 3
TOP OF THE 3RD
New Hampshire Fisher Cats batting - Pitching for Key West Barracudas : LHP Luis Rodríguez
Batting: RHB Chris Parker 0-0: Ball
1-0: Ball
2-0: Called Strike
2-1: Fly out, F8 (Flyball, 8LS)
Batting: RHB Lu-fang Huie 0-0: Ball
1-0: Foul Ball, location: 2F
1-1: Foul Ball, location: 2F
1-2: Strikes out looking
Batting: LHB Cam Flowers 0-0: Ball
1-0: Ball
2-0: Foul Ball, location: 2F
2-1: DOUBLE (Line Drive, 3L)
Batting: RHB Tim Robertson 0-0: Swinging Strike
0-1: Foul Ball, location: 2F
0-2: Fly out, F3 (Popup, 3L)
Top of the 3rd over - 0 run(s), 1 hit(s), 0 error(s), 1 left on base; New Hampshire 1 - Key West 3
BOTTOM OF THE 3RD
Key West Barracudas batting - Pitching for New Hampshire Fisher Cats : RHP Enrique Valdés
Batting: LHB Arturo López 0-0: Ball
1-0: Ball
2-0: Ball
3-0: Called Strike
3-1: Base on Balls
Batting: RHB Luther Stoffels 0-0: Ball
1-0: Ball
2-0: SINGLE (Line Drive, 56D)
Arturo López to second
Batting: LHB Domingo Ledesma 0-0: SINGLE (Line Drive, 9LS)
Arturo López to third
Luther Stoffels to second
Batting: RHB Richard Sanders 0-0: Ball
1-0: Swinging Strike
1-1: Hit by Pitch
Arturo López scores
Luther Stoffels to third
Domingo Ledesma to second
Batting: SHB Héctor Jiménez 0-0: Ball
1-0: Fly out, F4 (Line Drive, 34)
1-0: Lined into DP, 4-6 (Line Drive, 34)
Batting: LHB Motoki Hirata 0-0: Ball
1-0: Called Strike
1-1: Ball
2-1: Fly out, F9 (Flyball, 9M)
Bottom of the 3rd over - 1 run(s), 2 hit(s), 0 error(s), 2 left on base; New Hampshire 1 - Key West 4
TOP OF THE 4TH
New Hampshire Fisher Cats batting - Pitching for Key West Barracudas : LHP Luis Rodríguez
Batting: LHB Don Ramey 0-0: Called Strike
0-1: Ball
1-1: Ball
2-1: Fly out, F1 (Line Drive, 15S)
Batting: LHB Gustavo Lozano 0-0: Ball
1-0: Ball
2-0: Ball
3-0: Base on Balls
Batting: RHB Júlio Trinidad 0-0: Swinging Strike
0-1: Hit by Pitch
Gustavo Lozano to second
Batting: RHB Lorne Barnes 0-0: SINGLE (Groundball, 4M)
Gustavo Lozano to third
Júlio Trinidad to second
Runner from 3rd tries for Home, SAFE, throw made home
Júlio Trinidad to third
Lorne Barnes to second
Batting: RHB Billy Campbell 0-0: Ball
1-0: Fly out, F3 (Popup, 3SF)
Batting: RHB Chris Parker 0-0: Swinging Strike
0-1: Ball
1-1: Ball
2-1: Ball
3-1: Called Strike
3-2: Base on Balls
Batting: RHB Lu-fang Huie 0-0: Ball
1-0: Ball
2-0: Called Strike
2-1: Fly out, F8 (Flyball, 8RS)
Top of the 4th over - 1 run(s), 1 hit(s), 0 error(s), 3 left on base; New Hampshire 2 - Key West 4
BOTTOM OF THE 4TH
Key West Barracudas batting - Pitching for New Hampshire Fisher Cats : RHP Enrique Valdés
Batting: RHB Carlos Miranda 0-0: Called Strike
0-1: Called Strike
0-2: Strikes out swinging
Batting: RHB Zander Tremblett 0-0: Swinging Strike
0-1: Foul Ball, location: 2F
0-2: Ball
1-2: Ball
2-2: Fly out, F9 (Flyball, 9LSF)
Batting: RHB Kenny Cole 0-0: Called Strike
0-1: Ball
1-1: Foul Ball, location: 2F
1-2: Ball
2-2: Foul Ball, location: 2F
2-2: Ball
3-2: Base on Balls
Batting: LHB Arturo López 0-0: Ball
Kenny Cole steals 2nd base
1-0: Called Strike
1-1: Foul Ball, location: 2F
1-2: Foul Ball, location: 2F
1-2: Strikes out swinging
Bottom of the 4th over - 0 run(s), 0 hit(s), 0 error(s), 1 left on base; New Hampshire 2 - Key West 4
TOP OF THE 5TH
New Hampshire Fisher Cats batting - Pitching for Key West Barracudas : LHP Luis Rodríguez
Batting: LHB Cam Flowers 0-0: Ball
1-0: Swinging Strike
1-1: Ball
2-1: Foul Ball, location: 2F
2-2: Ball
3-2: Fly out, F4 (Popup, 4M)
Batting: RHB Tim Robertson 0-0: Ground out 4-3 (Groundball, 4)
Batting: LHB Don Ramey 0-0: Ball
1-0: Ball
2-0: Ball
3-0: Base on Balls
Batting: LHB Gustavo Lozano 0-0: Ball
1-0: Swinging Strike
1-1: Ground out U3 (Groundball, 3S)
Top of the 5th over - 0 run(s), 0 hit(s), 0 error(s), 1 left on base; New Hampshire 2 - Key West 4
BOTTOM OF THE 5TH
Key West Barracudas batting - Pitching for New Hampshire Fisher Cats : RHP Enrique Valdés
Batting: RHB Luther Stoffels 0-0: Reached on error, E6 (Groundball, 6)
Batting: LHB Domingo Ledesma 0-0: Ball
1-0: Swinging Strike
1-1: Swinging Strike
1-2: Strikes out swinging
Batting: RHB Richard Sanders 0-0: Ball
1-0: Foul Ball, location: 2F
1-1: Ball
2-1: Foul Ball, location: 2F
2-2: Ball
3-2: DOUBLE (Line Drive, 7LS)
Luther Stoffels to third
Runner from 3rd tries for Home, SAFE, no throw or cutoff
Batting: SHB Héctor Jiménez 0-0: Called Strike
0-1: Ground out U3 (Groundball, 3L)
Richard Sanders to third
Batting: LHB Motoki Hirata 0-0: Called Strike
0-1: Ball
1-1: Ball
2-1: Foul Ball, location: 2F
2-2: Strikes out swinging
Bottom of the 5th over - 1 run(s), 1 hit(s), 1 error(s), 1 left on base; New Hampshire 2 - Key West 5
TOP OF THE 6TH
New Hampshire Fisher Cats batting - Pitching for Key West Barracudas : LHP Luis Rodríguez
Batting: RHB Júlio Trinidad 0-0: Swinging Strike
0-1: Foul Ball, location: 2F
0-2: Foul Ball, location: 2F
0-2: Ground out 6-3 (Groundball, 6)
Pitching: RHP José García
Batting: RHB Lorne Barnes 0-0: Fly out, F7 (Flyball, 78M)
Batting: RHB Billy Campbell 0-0: Ground out 6-3 (Groundball, 6M)
Top of the 6th over - 0 run(s), 0 hit(s), 0 error(s), 0 left on base; New Hampshire 2 - Key West 5
BOTTOM OF THE 6TH
Key West Barracudas batting - Pitching for New Hampshire Fisher Cats : RHP Enrique Valdés
Pitching: RHP Grady Connolly
Batting: RHB Carlos Miranda 0-0: Ball
1-0: Ball
2-0: Ball
3-0: Called Strike
3-1: Base on Balls
Batting: RHB Zander Tremblett 0-0: Foul Ball, location: 2F
0-1: Grounds into double play, 6-4-3 (Groundball, 6)
Batting: RHB Kenny Cole 0-0: Ball
1-0: Ball
2-0: Foul Ball, location: 2F
2-1: Foul Ball, location: 2F
2-2: Strikes out swinging
Bottom of the 6th over - 0 run(s), 0 hit(s), 0 error(s), 0 left on base; New Hampshire 2 - Key West 5
TOP OF THE 7TH
New Hampshire Fisher Cats batting - Pitching for Key West Barracudas : RHP José García
Batting: RHB Chris Parker 0-0: Called Strike
0-1: Called Strike
0-2: Ball
1-2: SINGLE (Groundball, 3)
Batting: RHB Lu-fang Huie 0-0: Foul Ball, location: 2F
0-1: Ball
1-1: Ball
2-1: SINGLE (Groundball, 56)
Chris Parker to second
Pitching: LHP Lynn White
Batting: LHB Cam Flowers 0-0: Called Strike
0-1: Foul Ball, location: 2F
0-2: Foul Ball, location: 2F
0-2: Strikes out swinging
Batting: RHB Tim Robertson 0-0: Called Strike
0-1: Ball
1-1: Swinging Strike
1-2: Strikes out swinging
Batting: LHB Don Ramey 0-0: Ball
1-0: Foul Ball, location: 2F
1-1: Ball
2-1: Swinging Strike
2-2: SINGLE (Groundball, 34D)
Chris Parker to third
Lu-fang Huie to second
Runner from 3rd tries for Home, SAFE, no throw or cutoff
Pitching: RHP Steven O'Brien
Batting: LHB Gustavo Lozano 0-0: Ball
1-0: Foul Ball, location: 2F
1-1: Foul Ball, location: 2F
1-2: Fly out, F9 (Line Drive, 9M)
Top of the 7th over - 1 run(s), 3 hit(s), 0 error(s), 2 left on base; New Hampshire 3 - Key West 5
BOTTOM OF THE 7TH
Key West Barracudas batting - Pitching for New Hampshire Fisher Cats : RHP Grady Connolly
Batting: LHB Arturo López 0-0: Ball
1-0: Ball
2-0: SINGLE (Groundball, 34D)
Batting: RHB Luther Stoffels 0-0: Called Strike
0-1: Ball
1-1: Ball
2-1: Grounds into double play, 6-4-3 (Groundball, 6)
Batting: LHB Domingo Ledesma 0-0: Foul Ball, location: 2F
0-1: Swinging Strike
0-2: Ball
1-2: Ball
2-2: Strikes out swinging
Bottom of the 7th over - 0 run(s), 1 hit(s), 0 error(s), 0 left on base; New Hampshire 3 - Key West 5
TOP OF THE 8TH
New Hampshire Fisher Cats batting - Pitching for Key West Barracudas : RHP Steven O'Brien
Now at 1B: Jake Wells
Batting: RHB Júlio Trinidad 0-0: Foul Ball, location: 2F
0-1: Ball
1-1: Called Strike
1-2: Fly out, F9 (Flyball, 89S)
Batting: RHB Lorne Barnes 0-0: Ball
1-0: Ball
2-0: Called Strike
2-1: Ball
3-1: Called Strike
3-2: Foul Ball, location: 2F
3-2: Base on Balls
Pitching: LHP José Morán
Batting: RHB Billy Campbell 0-0: Swinging Strike
0-1: Ball
1-1: Ball
2-1: Fly out, F8 (Flyball, 8LS)
Batting: RHB Chris Parker 0-0: Foul Ball, location: 2F
0-1: Ball
1-1: Ball
2-1: DOUBLE (Flyball, 78XD)
Lorne Barnes to third
Runner from 3rd tries for Home, SAFE, no throw or cutoff
Batting: RHB Lu-fang Huie 0-0: Swinging Strike
0-1: Foul Ball, location: 2F
0-2: Ball
1-2: Foul Ball, location: 2F
1-2: Ball
2-2: Foul Ball, location: 2F
2-2: Fly out, F8 (Flyball, 8LS)
Top of the 8th over - 1 run(s), 1 hit(s), 0 error(s), 1 left on base; New Hampshire 4 - Key West 5
BOTTOM OF THE 8TH
Key West Barracudas batting - Pitching for New Hampshire Fisher Cats : RHP Grady Connolly
Pitching: RHP Takechi Sayuki
Batting: RHB Richard Sanders 0-0: Fly out, F8 (Flyball, 8RXD)
Batting: SHB Héctor Jiménez 0-0: Called Strike
0-1: Foul Ball, location: 2F
0-2: Ball
1-2: Ball
2-2: Strikes out swinging
Batting: LHB Motoki Hirata 0-0: Ball
1-0: DOUBLE (Line Drive, 78D)
Pinch Hitting: RHB Dan Craft 0-0: Called Strike
0-1: Ground out 4-3 (Groundball, 13)
Bottom of the 8th over - 0 run(s), 1 hit(s), 0 error(s), 1 left on base; New Hampshire 4 - Key West 5
TOP OF THE 9TH
New Hampshire Fisher Cats batting - Pitching for Key West Barracudas : LHP José Morán
Pitching: LHP Connor Bond
Now at 2B: Ramiro Gámez
Now at SS: Rodney Birling
Now in RF: Dan Craft
Batting: LHB Cam Flowers 0-0: Called Strike
0-1: Ball
1-1: SINGLE (Groundball, 34)
Batting: RHB Tim Robertson 0-0: Ball
Wild Pitch!
Cam Flowers to second
1-0: Ball
2-0: Ball
3-0: Base on Balls
Batting: LHB Don Ramey 0-0: Swinging Strike
0-1: Ball
1-1: Ground out 3-1 (Groundball, 34S)
Cam Flowers to third
Tim Robertson to second
Batting: LHB Gustavo Lozano 0-0: Ball
1-0: Foul Ball, location: 2F
1-1: Foul Ball, location: 2F
1-2: Ground out 4-3 (Groundball, 4M)
Batting: RHB Júlio Trinidad 0-0: Ball
1-0: Called Strike
1-1: Foul Ball, location: 2F
1-2: Foul Ball, location: 2F
1-2: Ball
2-2: Strikes out looking
Top of the 9th over - 0 run(s), 1 hit(s), 0 error(s), 2 left on base; New Hampshire 4 - Key West 5
This league is powered by Out of the Park Baseball, the baseball management simulation game for PC, Mac and Linux
Saturday, April 9th, 2016 - OOTP Baseball 16.8 Build 38